 Dungeon Sprint DCSS version 0.29.1-2-gbd0b4ee654 (webtiles) character file.

Game seed: 2327515416067449440

51315 boopmooplesden the Executioner (level 14, -5/159 HPs)
             Began as a Minotaur Fighter on Nov 25, 2022.
             Was the Champion of Trog.
             Killed from afar by a green death (21 damage)
             ... with a bolt of poison
             ... summoned by a deep elf demonologist
             ... in the Dungeon (Sprint VII: "The Pits").
             The game lasted 00:13:47 (4654 turns).

boopmooplesden the Executioner (Minotaur Fighter)   Turns: 4654, Time: 00:13:49

Health: -5/159     AC: 40    Str: 28    XL:     14   Next: 23%
Magic:  13/13      EV: 13    Int:  5    God:    Trog [******]
Gold:   33         SH: 21    Dex: 10    Spells: 13/13 levels left

rFire   . . .      SeeInvis +   v - +14 obsidian axe {vorpal, Mesm Drain Fly SInv}
rCold   . . .      Faith    .   N - +1 tower shield
rNeg    . . .      Spirit   .   K - +9 plate armour of Moral Flaws {Will+ Str+2}
rPois   .          Reflect  .   (helmet restricted)
rElec   .          Harm     .   y - +0 cloak
rCorr   .          Rampage  .   O - +1 pair of gloves
Will    ++...      NoTele   +   P - +1 pair of boots
Stlth   ..........              (no amulet)
HPRegen 0.36/turn               s - +3 ring of protection
MPRegen 0.13/turn               t - +3 ring of evasion

@: lethally poisoned (-5 -> -32), on berserk cooldown, flying, mesmerised,
slowed, very slow
A: horns 2, retaliatory headbutt
a: Renounce Religion, Berserk, Trog's Hand, Brothers in Arms


You were in the Dungeon.
You worshipped Trog.
Trog was exalted by your worship.
You visited 1 branch You collected 33 gold pieces.

Inventory:

Hand Weapons
 a - a +0 war axe
 k - a +2 hand axe
 o - a +0 hand axe of freezing
 r - a +3 hand axe of flaming
 v - the +14 obsidian axe (weapon) {vorpal, Mesm Drain Fly SInv}
   (You found it in the Dungeon)

   It inflicts extra damage upon your enemies.
   It occasionally summons demons to assist the wielder when it strikes in
   combat.
   Its wielder is mesmerised by any visible foes.
   It cannot be unequipped while any foes are visible.
   SInv:      It lets you see invisible.
   Fly:       It grants you flight.
   Drain:     It drains your maximum health when unequipped.
 z - a +7 vorpal war axe
 B - the +8 hand axe "Epsafeyz" {vorpal, Str+3}
   (Trog gifted it to you in the Dungeon)

   It inflicts extra damage upon your enemies.
   Str:       It affects your strength (+3).
 J - the +12 hand axe "Nacleash" {venom, rPois Int+2 Dex-4}
   (You found it in the Dungeon)

   It poisons the flesh of those it strikes.
   Int:       It affects your intelligence (+2).
   Dex:       It affects your dexterity (-4).
   rPois:     It protects you from poison.
 S - a +1 executioner's axe of electrocution
Missiles
 M - a throwing net (quivered)
Armour
 b - a +0 scale mail
 c - a +0 buckler
 p - a +3 scale mail
 q - a +3 chain mail
 w - a +2 pair of gloves
 x - a +4 chain mail
 y - a +0 cloak (worn)
 K - the +9 plate armour of Moral Flaws (worn) {Will+ Str+2}
   (You found it in the Dungeon)

   Str:       It affects your strength (+2).
   Will:      It increases your willpower.
 N - a +1 tower shield (worn)
 O - a +1 pair of gloves (worn)
 P - a +1 pair of boots (worn)
 Q - +2 gold dragon scales
 R - the +6 scale mail "Karr" {rC- rN+++ Str+6}
   (You found it in the Dungeon)

   Str:       It affects your strength (+6).
   rC:        It makes you vulnerable to cold.
   rN:        It renders you almost immune to negative energy.
Jewellery
 s - a +3 ring of protection (left hand)
 t - a +3 ring of evasion (right hand)
 F - a ring of fire
 H - a ring of poison resistance
 L - a ring of willpower
Wands
 G - a wand of quicksilver (8)
Scrolls
 j - 4 scrolls of blinking
 m - 5 scrolls of amnesia
 n - a scroll of summoning
 A - 3 scrolls of identify
 C - 3 scrolls of butterflies
 D - a scroll of enchant weapon
 E - a scroll of fear
Potions
 d - a potion of might
 e - 10 potions of curing
 f - 5 potions of heal wounds
 g - 4 potions of haste
 h - 4 potions of magic
 i - 7 potions of berserk rage
 l - 2 potions of invisibility
 u - a potion of resistance
Miscellaneous
 I - a piece from Xom's chessboard (15/15)


   Skills:
 + Level 24.2 Fighting
 + Level 25.8 Axes
 + Level 23.0 Armour
 + Level 7.6 Dodging
 + Level 3.1 Stealth
 + Level 19.9 Shields


You had 13 spell levels left.
You didn't know any spells.
Your spell library was empty.

Dungeon Overview and Level Annotations

Branches:
Dungeon (1/1)

Altars:
Cheibriados
Dithmenos
Elyvilon
Fedhas
Gozag
Hepliaklqana
Makhleb
Nemelex Xobeh
Okawaru
Qazlal
Ru
Sif Muna
Trog
Vehumet
Wu Jian
Xom
Yredelemnul
Zin
The Shining One
Jiyva
Lugonu


Innate Abilities, Weirdness & Mutations

You have a pair of horns on your head.
You reflexively headbutt those who attack you in melee.


Message History

Your hellwing hits the balrug but does no damage.
Your neqoxec hits the deep elf death mage!
The deep elf death mage dies!
Trog accepts your kill.
Trog appreciates your killing of a magic user.
Your hellwing hits the green draconian! Your hellwing hits the green draconian.
The green draconian breathes poison at your rust devil.
The blast of poison engulfs your rust devil.
Your rust devil dies!
Your rust devil disappears in a puff of smoke!
The deep elf demonologist gestures wildly while chanting.
Send 'em back where they came from!
Trog shields your ally from puny magic! x4
The balrug hits you with a +0 demon whip of venom!
* * * LOW HITPOINT WARNING * * *
You are engulfed in flames!!
* * * LOW HITPOINT WARNING * * *
Your hellwing barely misses the deep elf annihilator.
Your hellwing hits the deep elf annihilator.
Your hellwing hits the balrug. x2
You are no longer corroded.
* * * LOW HITPOINT WARNING * * *
You feel extremely sick. The balrug hits you but does no damage.
Your hellwing barely misses the green draconian. x2
The green draconian hits you but does no damage.
You block the deep elf demonologist's attack.
The deep elf annihilator gestures at your hellwing while chanting.
The poison arrow hits your hellwing!!
Your hellwing partially resists.
Your hellwing is poisoned.
The orange demon stings you but does no damage.
Your hellwing closely misses the deep elf annihilator.
Your hellwing hits the deep elf annihilator.
Your hellwing swoops through the air toward the green draconian!
Your hellwing hits the green draconian.
Your hellwing barely misses the green draconian.
The green death gestures at you. The bolt of poison hits you!!
You are lethally poisoned!
You die...

#........#.).......#..#
####..####.##'###'##..#
#..####..#.#[[#.[[.#..#
'..# #..'.#[[#[[[[#○○#
#### ##############○°#
### ########○°# ##
#...#.#°#3d4°.# .#
#..4.°°4#).## .#
##..e°@###d:# !#
#...)2e2#..## .#
##..#4.###°: ##
#..###.2 ..:# .# ....
......:# ## ..#.
#..#..:# [# . # ..###.
.# ... .# !#


You could see a green draconian (distracted, catching breath, corroded, ally
target), a balrug (summoned, mesmerising), a green death (summoned), a deep elf
annihilator (distracted, ally target), a blizzard demon (summoned), a deep elf
demonologist, an orange demon (summoned), 3 friendly hellwings and a friendly
neqoxec (summoned).

Vanquished Creatures
  A profane servitor (D)
  A tentacled monstrosity (D)
  A lich (D)
  A deep elf blademaster (D)
  A nagaraja (D)
  A draconian knight (D)
  2 orc warlords (D)
  A vampire knight (D)
  A deep elf annihilator (D)
  A white draconian (D)
  A red draconian (D)
  A merfolk javelineer (D)
  An eidolon (D)
  A merfolk impaler (D)
  2 yaktaur captains (D)
  A rakshasa (D)
  An ogre mage (D)
  2 vault guards (D)
  A merfolk avatar (D)
  2 anacondas (D)
  A naga warrior (D)
  A two-headed ogre (D)
  An alligator snapping turtle (D)
  A death knight (D)
  A vampire mage (D)
  A shock serpent (shapeshifter) (D)
  A sun demon (D)
  A spriggan (D)
  A sixfirhy (D)
  2 deep elf knights (D)
  A shadow wraith (D)
  A sea snake (D)
  A flayed ghost (D)
  A deep troll (D)
  A wizard (D)
  A bog body (D)
  6 orc knights (D)
  A wolf spider (D)
  A manticore (D)
  2 black mambas (D)
  2 rust devils (D)
  An eye of devastation (D)
  A naga mage (D)
  An orange demon (D)
  A freezing wraith (D)
  A demonic crawler (D)
  2 yaktaurs (D)
  A wandering mushroom (D)
  A guardian mummy (D)
  6 merfolk (D)
  3 hornets (D)
  6 dream sheep (D)
  A snapping turtle (D)
  A jumping spider (D)
  A shadow (D)
  9 yaks (D)
  A wraith (D)
  2 ynoxinuls (D)
  5 redbacks (D)
  2 steam dragons (D)
  A chaos spawn (D)
  2 wargs (D)
  A black bear (D)
  3 wolves (D)
  2 centaurs (D)
  A phantom (D)
  A kobold brigand (D)
  2 bullfrogs (D)
  An earth elemental (D)
  A wight (D)
  A scorpion (D)
  A small abomination (D)
  5 killer bees (D)
  A quasit (D)
  A gnoll bouda (D)
  3 hounds (D)
  3 jellies (D)
  3 orc wizards (D)
  A hell rat (D)
  7 gnolls (D)
  An adder (D)
  An ufetubus (D)
  An adder skeleton (D)
  A worm (D)
  An adder simulacrum (D)
  2 orcs (D)
  An endoplasm (D)
  A hobgoblin (D)
  6 jackals (D)
  A ball python simulacrum (D)
  2 bats (D)
  A quokka simulacrum (D)
159 creatures vanquished.

Vanquished Creatures (collateral kills)
  An emperor scorpion (D)
  A draconian annihilator (D)
  A black draconian (D)
  A white draconian (D)
  A deep elf death mage (D)
  A naga warrior (D)
  An orc high priest (D)
  3 orc knights (D)
  A manticore (D)
  A cane toad (D)
  A guardian mummy (D)
  2 merfolk (D)
  A warg (D)
  An orc warrior (D)
  A small abomination (D)
  2 wights (D)
  An ufetubus (D)
  An orc (D)
  A giant cockroach (D)
  A jackal (D)
  A jackal skeleton (D)
25 creatures vanquished.

Vanquished Creatures (others)
  A manticore (D)
1 creature vanquished.

Grand Total: 185 creatures vanquished

Notes
Turn   | Place    | Note
-------+----------+-------------------------------------------
     0 | D        | boopmooplesden the Minotaur Fighter began the quest for the
                  | Orb.
     0 | D        | Reached XP level 1. HP: 19/19 MP: 0/0
    11 | D        | Reached XP level 2. HP: 28/28 MP: 1/1
    39 | D        | Found a bloodstained altar of Trog.
    39 | D        | Found a shimmering blue altar of Sif Muna.
    39 | D        | Found a viscous altar of Jiyva.
    39 | D        | Found a hazy altar of Hepliaklqana.
    39 | D        | Found an opulent altar of Gozag.
    40 | D        | Found a glowing golden altar of the Shining One.
    40 | D        | Found a glowing silver altar of Zin.
    40 | D        | Found a basalt altar of Yredelemnul.
    40 | D        | Found a shimmering altar of Xom.
    40 | D        | Found an ornate altar of the Wu Jian Council.
    40 | D        | Found a sacrificial altar of Ru.
    40 | D        | Found a stormy altar of Qazlal.
    40 | D        | Found an iron altar of Okawaru.
    40 | D        | Found a sparkling altar of Nemelex Xobeh.
    40 | D        | Found a burning altar of Makhleb.
    40 | D        | Found a blossoming altar of Fedhas.
    40 | D        | Found a white marble altar of Elyvilon.
    40 | D        | Found a shadowy altar of Dithmenos.
    40 | D        | Found a snail-covered altar of Cheibriados.
    41 | D        | Found a radiant altar of Vehumet.
    41 | D        | Found a corrupted altar of Lugonu.
    43 | D        | Became a worshipper of Trog the Wrathful
    50 | D        | Noticed a scorpion
    58 | D        | Killed a scorpion
    59 | D        | Reached skill level 4 in Axes
    59 | D        | Reached XP level 3. HP: 37/37 MP: 2/2
    65 | D        | Reached * piety under Trog
    66 | D        | Reached XP level 4. HP: 44/44 MP: 3/3
    74 | D        | Reached ** piety under Trog
    91 | D        | Reached *** piety under Trog
   477 | D        | Noticed a bullfrog
   477 | D        | Noticed a kobold brigand
   487 | D        | Killed a bullfrog
   488 | D        | Reached skill level 5 in Axes
   488 | D        | Reached skill level 1 in Dodging
   488 | D        | Reached XP level 5. HP: 52/52 MP: 4/4
   493 | D        | Noticed a warg
   503 | D        | Killed a warg
   504 | D        | Reached skill level 7 in Axes
   504 | D        | Reached XP level 6. HP: 30/61 MP: 5/5
   509 | D        | Reached skill level 8 in Axes
   509 | D        | Reached **** piety under Trog
   764 | D        | Noticed a rakshasa
   779 | D        | Killed a rakshasa
   780 | D        | Reached skill level 10 in Fighting
   780 | D        | Reached skill level 11 in Axes
   780 | D        | Reached XP level 7. HP: 18/72 MP: 6/6
  1046 | D        | Reached XP level 8. HP: 77/79 MP: 7/7
  1059 | D        | Reached ***** piety under Trog
  1059 | D        | Received a gift from Trog
  1067 | D        | Reached skill level 12 in Axes
  1124 | D        | Noticed a snapping turtle
  1124 | D        | Noticed a sea snake
  1136 | D        | Killed a sea snake
  1137 | D        | Reached skill level 13 in Axes
  1145 | D        | Killed a snapping turtle
  1168 | D        | Found the +14 obsidian axe {vorpal, Mesm Drain Fly SInv}
  1420 | D        | Noticed a demonic crawler
  1427 | D        | Killed a demonic crawler
  1428 | D        | Reached skill level 10 in Shields
  1428 | D        | Reached XP level 9. HP: 66/89 MP: 8/8
  1630 | D        | Noticed a black mamba
  1633 | D        | Noticed a guardian mummy
  1637 | D        | Killed a black mamba
  1638 | D        | Reached skill level 14 in Axes
  1644 | D        | Received a gift from Trog
  1647 | D        | Reached skill level 15 in Axes
  1647 | D        | Reached skill level 15 in Armour
  1648 | D        | Killed a guardian mummy
  1660 | D        | Noticed a guardian mummy
  1660 | D        | Noticed an orc high priest
  1660 | D        | Reached ****** piety under Trog
  1661 | D        | Killed a guardian mummy
  1661 | D        | Received a gift from Trog
  1662 | D        | Reached skill level 16 in Axes
  1664 | D        | Killed an orc high priest
  1665 | D        | Reached XP level 10. HP: 73/100 MP: 9/9
  1666 | D        | Reached skill level 17 in Axes
  1775 | D        | Noticed a manticore
  1775 | D        | Noticed a wolf spider
  1775 | D        | Received a gift from Trog
  1779 | D        | Killed a wolf spider
  1780 | D        | Reached skill level 1 in Stealth
  1780 | D        | Killed a manticore
  1781 | D        | Noticed a cane toad
  1782 | D        | Received a gift from Trog
  1783 | D        | Reached skill level 18 in Axes
  1789 | D        | Killed a cane toad
  1799 | D        | Noticed a flayed ghost
  1806 | D        | Killed a flayed ghost
  2021 | D        | Noticed a deep troll
  2021 | D        | Noticed a sixfirhy
  2021 | D        | Noticed an orange demon
  2024 | D        | Killed a sixfirhy
  2025 | D        | Reached skill level 19 in Axes
  2026 | D        | Received a gift from Trog
  2028 | D        | Reached XP level 11. HP: 110/110 MP: 10/10
  2028 | D        | Killed a deep troll
  2038 | D        | Reached skill level 20 in Axes
  2055 | D        | Received a gift from Trog
  2065 | D        | Received a gift from Trog
  2070 | D        | Reached skill level 15 in Fighting
  2072 | D        | Received a gift from Trog
  2377 | D        | Noticed a merfolk avatar
  2382 | D        | Reached skill level 21 in Axes
  2385 | D        | Killed a merfolk avatar
  2386 | D        | Noticed a tentacled monstrosity
  2386 | D        | Received a gift from Trog
  2399 | D        | Killed a tentacled monstrosity
  2399 | D        | Received a gift from Trog
  2400 | D        | Reached skill level 5 in Dodging
  2406 | D        | Noticed an eidolon
  2410 | D        | Noticed an anaconda
  2411 | D        | Killed an eidolon
  2414 | D        | Reached XP level 12. HP: 124/124 MP: 11/11
  2415 | D        | Killed an anaconda
  2415 | D        | Received a gift from Trog
  2416 | D        | Reached skill level 22 in Axes
  2429 | D        | Noticed a two-headed ogre
  2435 | D        | Killed a two-headed ogre
  2440 | D        | Reached skill level 15 in Shields
  2443 | D        | Received a gift from Trog
  2453 | D        | Noticed a vampire knight
  2464 | D        | Killed a vampire knight
  2492 | D        | Got the +12 hand axe "Nacleash" {venom, rPois Int+2 Dex-4}
  2757 | D        | Noticed a death knight
  2757 | D        | Noticed a merfolk javelineer
  2758 | D        | Noticed an emperor scorpion
  2758 | D        | Noticed a profane servitor
  2767 | D        | Killed a merfolk javelineer
  2772 | D        | Killed a profane servitor
  2775 | D        | Reached skill level 23 in Axes
  2775 | D        | Received a gift from Trog
  2780 | D        | Killed a death knight
  2783 | D        | Killed an emperor scorpion
  2790 | D        | Got the +9 plate armour of Moral Flaws {Will+ Str+2}
  3180 | D        | Received a gift from Trog
  3525 | D        | Noticed an anaconda
  3530 | D        | Killed an anaconda
  3531 | D        | Reached XP level 13. HP: 139/139 MP: 12/12
  3600 | D        | Identified the +8 hand axe "Epsafeyz" {vorpal, Str+3} (Trog
                  | gifted it to you in the Dungeon)
  3600 | D        | Received a gift from Trog
  3663 | D        | Noticed an orc warlord
  3664 | D        | Noticed an orc warlord
  3678 | D        | Killed an orc warlord
  3682 | D        | Reached skill level 24 in Axes
  3682 | D        | Killed an orc warlord
  3682 | D        | Received a gift from Trog
  3697 | D        | Noticed a merfolk impaler
  3699 | D        | Noticed a deep elf blademaster
  3706 | D        | Killed a deep elf blademaster
  3706 | D        | Received a gift from Trog
  3714 | D        | Killed a merfolk impaler
  3717 | D        | HP: 3/145 [deep elf knight/lance of force (18)]
  3727 | D        | Received a gift from Trog
  4152 | D        | Reached skill level 25 in Axes
  4157 | D        | Received a gift from Trog
  4465 | D        | Got the +6 scale mail "Karr" {rC- rN+++ Str+6}
  4627 | D        | Noticed a nagaraja
  4628 | D        | Noticed a green draconian
  4629 | D        | Noticed a lich
  4629 | D        | Noticed a black draconian knight
  4629 | D        | Noticed a white draconian
  4630 | D        | Noticed a red draconian
  4630 | D        | Noticed a deep elf annihilator
  4630 | D        | Noticed a yellow draconian annihilator
  4631 | D        | Noticed a white draconian
  4634 | D        | Noticed a black draconian
  4635 | D        | Killed a white draconian
  4636 | D        | Killed a nagaraja
  4637 | D        | Killed a yellow draconian annihilator
  4637 | D        | Identified the +7 hand axe of Trog's Righteous Anger
                  | {flame, rPois rF+} (Trog gifted it to you in the Dungeon)
  4637 | D        | Received a gift from Trog
  4638 | D        | Noticed a deep elf demonologist
  4638 | D        | Noticed a deep elf death mage
  4639 | D        | Noticed a deep elf annihilator
  4643 | D        | Killed a deep elf annihilator
  4643 | D        | Received a gift from Trog
  4644 | D        | Reached XP level 14. HP: 123/157 MP: 13/13
  4645 | D        | Killed a lich
  4648 | D        | Killed a black draconian knight
  4649 | D        | Noticed a balrug
  4652 | D        | Received a gift from Trog
  4654 | D        | Killed from afar by a green death

Illustrated notes

Levels and vault maps discovered:
D:        pitsprint [storerooms_1, entrance_room_1, metal_vault_4, armoury_2,
          mini_pit_1, grid_room_1, main_hall_1, silver_pit, the_coven_3,
          the_vestibule_1, steel_vault_5, golden_pit, hallway_of_sentries,
          crystal_vault_1, iron_vault_1, final_vault]

Skill      XL: |  1  2  3  4  5  6  7  8  9 10 11 12 13 14 |
---------------+-------------------------------------------+-----
Fighting       | 4 6 7 8 10 11 12 14 16 20 23 24 | 24.2
Armour         | 4 6 7 9 11 14 15 17 18 20 22 23 | 23.0
Shields        | 4 6 7 9 10 11 12 14 16 19 | 19.9
Axes           | 4 5 7 11 13 16 19 21 23 25 | 25.8
Dodging        | 1 3 4 5 6 7 |  7.6
Stealth        | 1 2 3 |  3.1

Action                   |  1- 3 |  4- 6 |  7- 9 | 10-12 | 13-15 || total
-------------------------+-------+-------+-------+-------+-------++-------
Melee: War axe           |    12 |    19 |       |       |       ||    31
       Hand axe          |       |    46 |    40 |       |       ||    86
       Headbutt          |       |     5 |     6 |    23 |    20 ||    54
       Broad axe         |       |       |    22 |   159 |    92 ||   273
Invok: Berserk           |       |     2 |     2 |     5 |     3 ||    12
       Trog's Hand       |       |       |       |     1 |     1 ||     2
       Brothers in Arms  |       |       |       |       |     1 ||     1
  Use: Potion            |       |       |       |     4 |     9 ||    13
       Scroll            |       |       |       |       |     3 ||     3
 Stab: Distracted        |       |       |       |       |     1 ||     1
Armor: Scale mail        |     6 |    10 |       |       |       ||    16
       Chain mail        |       |    17 |    28 |    77 |       ||   122
       Plate armour      |       |       |       |    12 |    88 ||   100
Dodge: Dodged            |     4 |    18 |    18 |    65 |    67 ||   172
Block: Buckler           |     4 |    26 |    18 |    59 |    42 ||   149
       Tower shield      |       |       |       |       |    23 ||    23
